 Dungeon Crawl Stone Soup version 0.27-a0-67-g4bfc8a49e1 (webtiles) character file.

Game seed: 5943837977636562965

590 Borgoz the Slasher (level 7, 0/50 HPs)
             Began as a Halfling Fighter on Jan 9, 2021.
             Slain by an iron imp (4 damage)
             ... summoned by Eustachio
             ... on level 5 of the Dungeon.
             The game lasted 00:05:31 (4166 turns).

Borgoz the Slasher (Halfling Fighter)               Turns: 4166, Time: 00:05:32

Health: 0/50       AC: 13    Str: 17    XL:     7   Next: 66%
Magic:  7/7        EV:  9    Int:  6    God:
Gold:   370        SH:  9    Dex: 16    Spells: 6/6 levels left

rFire    . . .     SeeInvis .   b - +0 dagger (venom)
rCold    . . .     Faith    .   c - +0 kite shield
rNeg     . . .     Spirit   .   j - +0 scale mail
rPois    .         Reflect  .   (no helmet)
rElec    .         Harm     .   n - +0 cloak
rCorr    .         Rampage  .   B - +0 pair of gloves
Will     .....                  t - +2 pair of boots
Stlth    ..........             (no amulet)
HPRegen  0.16/turn              (no ring)
MPRegen  0.10/turn              (no ring)

@: about to teleport
A: small, mutation resistance 1
a: no special abilities


You were on level 5 of the Dungeon.
You visited 2 branches of the dungeon, and saw 6 of its levels.

You collected 370 gold pieces.

Inventory:

Hand Weapons
 a - a +0 long sword
 b - a +0 dagger of venom (weapon)
Missiles
 A - 3 throwing nets (quivered)
Armour
 c - a +0 kite shield (worn)
 j - a +0 scale mail (worn)
 n - a +0 cloak (worn)
 t - a +2 pair of boots (worn)
 B - a +0 pair of gloves (worn)
Wands
 y - a wand of random effects (14)
Scrolls
 e - 3 scrolls of blinking {unknown}
 f - 3 scrolls of teleportation
 h - 2 scrolls of magic mapping {unknown}
 i - 3 scrolls of identify {unknown}
 k - a scroll of fog {unknown}
 m - a scroll of noise {unknown}
 p - a scroll of immolation {unknown}
 q - a scroll of fear {unknown}
 r - 5 scrolls of remove curse
 w - 2 scrolls of amnesia {unknown}
Potions
 d - a potion of might
 g - 3 potions of haste {unknown}
 l - a potion of curing {unknown}
 o - a potion of brilliance {unknown}
 s - a potion of ambrosia {unknown}
 u - 2 potions of heal wounds {unknown}
 v - 2 potions of mutation {unknown}
 x - a potion of attraction {unknown}
 z - a potion of lignification {unknown}


   Skills:
 * Level 5.1 Fighting
 * Level 5.2 Long Blades
 + Level 5.0 Armour
 - Level 3.2 Shields


You had 6 spell levels left.
You didn't know any spells.
Your spell library contained the following spells:

 Spells                   Type           Power        Failure   Level
 Animate Skeleton         Necr           0%           100%        1
 Apportation              Tloc           0%           100%        1
 Corona                   Hex            0%           100%        1
 Summon Small Mammal      Summ           0%           100%        1


Dungeon Overview and Level Annotations

Branches:
Dungeon (5/15)             Temple (1/1) D:5

Altars:
Cheibriados
Dithmenos
Elyvilon
Fedhas
Gozag
Hepliaklqana
Kikubaaqudgha
Nemelex Xobeh
Okawaru
Ru
Trog
Vehumet
Wu Jian
Xom
Yredelemnul
Zin
The Shining One

Annotations:
D:3 3 runed translucent doors, kae's ghost, amateur TeTm
D:5 Eustachio


Innate Abilities, Weirdness & Mutations

You are small and have problems with some larger weapons.
You are somewhat resistant to further mutation.


Message History

You kill the iguana!
The bat hits you but does no damage. The bat barely misses you.
The iron imp hits you. The crimson imp completely misses you.
The crimson imp hits you but does no damage.
The river rat bites you but does no damage.
Your Armour skill increases to level 5!
As you read the scroll of teleportation, it crumbles to dust.
You feel strangely unstable. You block the bat's attack.
The bat barely misses you. You block the jelly's attack.
The iron imp hits you but does no damage.
You block the crimson imp's attack. You block the river rat's attack.
The crimson imp hits you but does no damage.
You barely miss the bat. You block the bat's attack.
The bat hits you but does no damage. x2; The jelly hits you.
You are splashed with acid!
* * * LOW HITPOINT WARNING * * *
You block the crimson imp's attack. The river rat bites you.
* * * LOW HITPOINT WARNING * * *
The iron imp hits you.
You die...

.......##
........#
........#
........## ...
.........# !.
........b# #.
..# #
......5J.##.#
... ###
.....@b@.#..#
..##
###...55r#.#
#..###
#####....#
###..## ###.##
##.(### #..#
###..## ##.###
##..### ##....#
###..## #..##.#
##..###..##.###


You could see Eustachio, a jelly, an iron imp (summoned), 2 crimson imps, a
river rat (summoned) and 2 bats.

Vanquished Creatures
  An ogre (D:4)
  2 hounds (D:4)
  2 bullfrog skeletons
  A gnoll shaman (D:4)
  Jessica (D:2)
  An iguana (D:5)
  Ijyb (D:4)
  2 worker ants
  A hound skeleton (D:5)
  5 gnolls (D:4)
  8 adders
  An ufetubus (D:4)
  An adder skeleton (D:4)
  3 worms
  3 leopard geckos
  3 orcs
  A ball python (D:4)
  2 giant cockroaches
  2 goblins
  11 hobgoblins
  7 jackals
  11 kobolds
  5 quokkas
  12 bats
  9 frilled lizards
  A jackal zombie (D:5)
  A quokka zombie (D:5)
  8 rats
106 creatures vanquished.

Notes
Turn   | Place    | Note
-------+----------+-------------------------------------------
     0 | D:1      | Borgoz the Halfling Fighter began the quest for the Orb.
     0 | D:1      | Reached XP level 1. HP: 15/15 MP: 1/1
   190 | D:1      | Reached XP level 2. HP: 19/20 MP: 2/2
   424 | D:1      | Reached XP level 3. HP: 26/26 MP: 3/3
   961 | D:2      | Found a faded altar of an unknown god.
  1133 | D:2      | Reached XP level 4. HP: 31/31 MP: 4/4
  1244 | D:2      | Noticed Jessica
  1251 | D:2      | Killed Jessica
  1383 | D:3      | Reached XP level 5. HP: 34/37 MP: 5/5
  1418 | D:3      | Found a radiant altar of Vehumet.
  1751 | D:3      | Found a white marble altar of Elyvilon.
  1933 | D:3      | Found a runed translucent gate.
  1933 | D:3      | Found a runed translucent gate.
  1933 | D:3      | Found a runed translucent gate.
  1934 | D:3      | Noticed a big kobold
  1934 | D:3      | Noticed kae's ghost (amateur TeTm)
  1934 | D:3      | Identified the cursed +0 dagger of Vuirphor {chaos,
                  | *Corrode MP+9 Int+4}
  1934 | D:3      | Noticed a big kobold
  2330 | D:4      | Reached XP level 6. HP: 35/43 MP: 6/6
  2516 | D:4      | Found a blossoming altar of Fedhas.
  2516 | D:4      | Noticed Ijyb
  2527 | D:4      | Killed Ijyb
  2555 | D:4      | Noticed an ogre
  2568 | D:4      | Killed an ogre
  2801 | D:4      | Found a basalt altar of Yredelemnul.
  3051 | D:4      | Reached XP level 7. HP: 46/49 MP: 7/7
  3518 | D:5      | Entered Level 5 of the Dungeon
  3550 | D:5      | Reached skill level 5 in Long Blades
  3559 | D:5      | Reached skill level 5 in Fighting
  3661 | D:5      | Found a staircase to the Ecumenical Temple.
  4043 | Temple   | Entered the Ecumenical Temple
  4143 | D:5      | Noticed Eustachio
  4165 | D:5      | Reached skill level 5 in Armour
  4166 | D:5      | Slain by an iron imp

Illustrated notes

Levels and vault maps discovered:
D:1:      minmay_arrival_shattered_statue, layout_loops_ring
D:2:      layout_rooms, chequers_ecumenical_altar_simple_redux,
          chequers_decorated_corner, kennysheep_jessica_study
D:3:      layout_loops_cross, lemuel_round_altar, elyvilon_altar_3,
          gammafunk_ghost_nasty_kobolds, kennysheep_generic_room_16
D:4:      layout_rooms, yredelemnul_altar_generic, fedhas_altar_fruit_tree,
          uniq_ijyb
D:5:      layout_cave_pods, minmay_temple_entry_overgrown, uniq_eustachio
Temple:   zaba_magenta_temple

Skill      XL: |  1  2  3  4  5  6  7 |
---------------+----------------------+-----
Fighting       | 3 4 5 |  5.1
Long Blades    | 3 4 5 |  5.2
Armour         | 4 5 |  5.0
Shields        | |  3.2

Action                   |  1- 3 |  4- 6 |  7- 9 || total
-------------------------+-------+-------+-------++-------
Melee: Long sword        |   117 |       |       ||   117
       Dagger            |    16 |   205 |   124 ||   345
  Use: Scroll            |       |     2 |     1 ||     3
Armor: Scale mail        |    57 |    64 |    74 ||   195
Dodge: Dodged            |    53 |    55 |    48 ||   156
Block: Kite shield       |    90 |   106 |    71 ||   267
       Rpst.: Long sword |    13 |       |       ||    13

Table legend: (Time is in decaauts)
 A = Elapsed time spent in this place.
 B = Non-inter-level travel time spent in this place.
 C = Inter-level travel time spent in this place.
 D = Time resting spent in this place.
 E = Time spent auto-exploring this place.
 F = Levels seen in this place.
 G = Mean time per level.
                   A        B        C        D        E       F      G
               +--------+--------+--------+--------+--------+-----+--------+
         Total |   4184 |   3922 |    262 |    430 |   2598 |   6 |  697.3 |
       Dungeon |   4091 |   3837 |    254 |    430 |   2541 |   5 |  818.2 |
        Temple |     92 |     84 |      8 |      0 |     57 |   1 |   92.0 |
               +--------+--------+--------+--------+--------+-----+--------+

Top non-repeatable levels by time:
     D:4: 1188 daAuts
     D:3: 939 daAuts
     D:1: 818 daAuts
     D:2: 597 daAuts
     D:5: 548 daAuts
  Temple: 92 daAuts
